 Dungeon Crawl Stone Soup version 0.31-a0-1278-g11c5b68f87 (webtiles) character file.

Game seed: 4637966057590428533

58 grandjackal the Ducker (level 3, -2/28 HPs)
             Began as a Demonspawn Gladiator on Dec 17, 2023.
             Slain by a gnoll
             ... wielding a +0 halberd
              (3 damage)
             ... on level 1 of the Dungeon.
             The game lasted 00:01:28 (1391 turns).

grandjackal the Ducker (Demonspawn Gladiator)       Turns: 1391, Time: 00:01:28

Health: -2/28      AC:  3    Str: 14    XL:     3   Next: 76%
Magic:  3/3        EV: 12    Int:  8    God:
Gold:   105        SH:  0    Dex: 16    Spells: 2/2 levels left

rFire   . . .        a - +0 long sword
rCold   . . .        (no shield)
rNeg    . . .        b - +0 leather armour
rPois   .            (helmet restricted)
rElec   .            (no cloak)
rCorr   .            (no gloves)
SInv    .            (no boots)
Will    .....        (no amulet)
Stlth   +            (no ring)
HPRegen 0.24/turn    (no ring)
MPRegen 0.08/turn

%: no passive effects
@: no status effects
A: antennae 1, demonic magic 1
a: no special abilities


You were on level 1 of the Dungeon.
You visited 1 branch of the dungeon, and saw 2 of its levels.

You collected 105 gold pieces.

Inventory:

Hand Weapons
 a - a +0 long sword (weapon)
Missiles
 d - 3 throwing nets (quivered)
 e - a javelin
Armour
 b - a +0 leather armour (worn)
Jewellery
 o - a ring of resist corrosion
Scrolls
 g - 2 scrolls of identify {unknown}
 h - a scroll of enchant weapon {unknown}
 i - a scroll of blinking {unknown}
 l - a scroll of fog {unknown}
 n - a scroll of revelation {unknown}
Potions
 c - a potion of ambrosia {unknown}
 f - 3 potions of curing {unknown}
 j - 2 potions of attraction {unknown}
 k - a potion of enlightenment {unknown}
 m - a potion of degeneration {unknown}


   Skills:
 + Level 2.8 Fighting
 + Level 3.2 Long Blades
 - Level 2.1 Throwing
 + Level 3.2 Dodging


You had 2 spell levels left.
You didn't know any spells.
Your spell library contained the following spells:

 Spells                   Type           Power      Damage    Failure   Level
 Cigotuvi's Dreadful Rot  Necr/Pois/Air  0%         N/A       63%         2
 Wereblood                Tmut           0%         N/A       63%         2
 Ignite Poison            Fire/Tmut/Pois 0%         N/A       86%         3
 Freezing Cloud           Conj/Ice/Air   0%         6-21      100%        5
 Irradiate                Conj/Tmut      0%         3d11      100%        5


Dungeon Overview and Level Annotations

Branches:
Dungeon (2/15)

Altars:


Innate Abilities, Weirdness & Mutations

You have a pair of small antennae on your head.
Spells you cast may paralyse adjacent enemies.


Message History

No target in view!
You see here a giant cockroach corpse.
There is a stone staircase leading up here.
o - a ring of resist corrosion
There is a stone staircase leading up here.
You now have 105 gold pieces (gained 2).
You open the door. 2 gnolls come into view.
The gnoll shouts!
Found 10 gold pieces and 4 stones.
A gnoll comes into view. It is wielding a +0 spear.
There is an open door here.
The gnoll shouts!
You hear a shout!
The gnoll barely misses you. The gnoll closely misses you.
There is a stone staircase leading up here.
The gnoll completely misses you. The gnoll barely misses you.
You climb upwards.
There is a stone staircase leading down here.
Unknown command.
You hit the gnoll.
The gnoll is heavily wounded.
The gnoll hits you with a +0 club! The gnoll hits you with a +0 halberd!
Ouch! That really hurt!
* * * LOW HITPOINT WARNING * * *
You hit the gnoll but do no damage.
The gnoll is heavily wounded.
The gnoll barely misses you. x3; The gnoll closely misses you.
You hit the gnoll.
The gnoll is severely wounded.
The gnoll hits you with a +0 club.
* * * LOW HITPOINT WARNING * * *
The gnoll hits you with a +0 halberd.
* * * LOW HITPOINT WARNING * * *
You closely miss the gnoll.
The gnoll is severely wounded.
The gnoll hits you with a +0 club.
* * * LOW HITPOINT WARNING * * *
The gnoll hits you with a +0 halberd.
You die...

##############
######.........g..#
................@.#
######.#####.###g.########
#.#####.#...........#
######.##......#..######.#
.......##.##.###..# #.#
#####..##.##.###..# #.#
#.............# #.#
#.###..######.# #.# #.#
#..# #.# #.###


You could see 2 gnolls.

Vanquished Creatures
  2 adders (D:2)
  A dart slug (D:1)
  5 ball pythons
  6 bats
  An endoplasm (D:1)
  A giant cockroach (D:2)
  2 goblins
  4 hobgoblins
  3 jackals (D:1)
  4 kobolds
  A quokka (D:1)
  A frilled lizard (D:1)
  A rat (D:1)
32 creatures vanquished.

Notes
Turn   | Place    | Note
-------+----------+-------------------------------------------
     0 | D:1      | grandjackal the Demonspawn Gladiator began the quest for
                  | the Orb.
     0 | D:1      | Reached XP level 1. HP: 16/16 MP: 1/1
   281 | D:1      | Gained mutation: Spells you cast may paralyse adjacent
                  | enemies. [demonic ancestry]
   281 | D:1      | Reached XP level 2. HP: 4/22 MP: 2/2
   804 | D:2      | Gained mutation: You have a pair of small antennae on your
                  | head. [demonic ancestry]
   804 | D:2      | Reached XP level 3. HP: 28/28 MP: 3/3
  1390 | D:1      | HP: 1/28 [gnoll/+0 halberd (3)]
  1391 | D:1      | Slain by a gnoll

Illustrated notes

Levels and vault maps discovered:
D:1:      lightli_iron_boxes, layout_loops_ring
D:2:      layout_basic, minmay_misc_feat_tiny, uniq_crazy_yiuf_cottage

Skill      XL: |  1  2 |
---------------+-------+-----
Throwing       | 2 |  2.1
Dodging        | 3 |  3.2
Long Blades    | 3 |  3.2
Fighting       | |  2.8

Action                     || total
---------------------------++-------
  Melee: Long sword        ||    92
   Stab: Sleeping          ||     1
 Armour: Leather armour    ||    66
  Dodge: Dodged            ||    86

Table legend: (Time is in decaauts)
 A = Elapsed time spent in this place.
 B = Non-inter-level travel time spent in this place.
 C = Inter-level travel time spent in this place.
 D = Time resting spent in this place.
 E = Time spent auto-exploring this place.
 F = Levels seen in this place.
 G = Mean time per level.
                   A        B        C        D        E       F      G
               +--------+--------+--------+--------+--------+-----+--------+
         Total |   1414 |   1376 |     38 |    175 |    934 |   2 |  707.0 |
       Dungeon |   1414 |   1376 |     38 |    175 |    934 |   2 |  707.0 |
               +--------+--------+--------+--------+--------+-----+--------+

Top non-repeatable levels by time:
     D:1: 780 daAuts
     D:2: 634 daAuts
